 Dungeon Crawl Stone Soup version 0.30.1-9-gdf580d7c3d (webtiles) character file.

Game seed: 2804151479734514340

58 lonewolfV2 the Trooper (level 3, -5/43 HPs)
             Began as a Demonspawn Berserker on Oct 25, 2023.
             Was a Believer of Trog.
             Slain by a +4 spectral club (7 damage)
             ... created by Ijyb
             ... on level 3 of the Dungeon.
             The game lasted 00:03:10 (1965 turns).

lonewolfV2 the Trooper (Demonspawn Berserker)       Turns: 1965, Time: 00:03:10

Health: -5/43      AC: 14    Str: 19    XL:     3   Next: 76%
Magic:  3/3        EV:  6    Int:  8    God:    Trog [**....]
Gold:   103        SH:  0    Dex: 12    Spells: 2/2 levels left

rFire   . . .        a - +1 hand axe
rCold   . . .        (no shield)
rNeg    . . .        k - +0 plate armour
rPois   .            (helmet restricted)
rElec   .            b - +2 cloak
rCorr   .            (no gloves)
SInv    .            (no boots)
Will    .....        (no amulet) Stlth
                     (no ring)
HPRegen 0.27/turn    (no ring)
MPRegen 0.08/turn

%: no passive effects
@: berserking, very quick
A: antennae 1
a: Renounce Religion, Berserk, Trog's Hand


You were on level 3 of the Dungeon.
You worshipped Trog.
Trog was pleased with you.
You visited 1 branch of the dungeon, and saw 3 of its levels.

You collected 103 gold pieces.

Inventory:

Hand Weapons
 a - a +1 hand axe (weapon)
Armour
 b - a +2 cloak (worn)
 k - a +0 plate armour (worn)
Potions
 c - a potion of degeneration
 d - a potion of haste {unknown}
 e - a potion of brilliance {unknown}
 f - 2 potions of berserk rage {unknown}
 g - a potion of resistance {unknown}


   Skills:
 + Level 3.4 Fighting
 - Level 2.7 Axes
 * Level 2.6 Armour
 * Level 2.7 Dodging


You had 2 spell levels left.
You didn't know any spells.
Your spell library was empty.

Dungeon Overview and Level Annotations

Branches:
Dungeon (3/15)

Altars:

Shops:
D:1 *[((   D:3 =

Annotations:
D:3 Ijyb


Innate Abilities, Weirdness & Mutations

You have a pair of small antennae on your head.


Message History

Ijyb is lightly wounded.
You closely miss the +4 spectral club. You hit the giant cockroach.
You kill the giant cockroach!
Trog accepts your kill.
Ijyb zaps a wand.
You resist with significant effort.
The +4 spectral club disappears.
Ijyb zaps a wand.
You suddenly lose the ability to move!
The now-empty wand crumbles to dust.
The goblin hits you but does no damage. The goblin hits you with a +0 dagger.
Ijyb hits you with a +4 spectral club.
The +4 spectral club hits you but does no damage.
A +4 spectral club comes into view.
The goblin hits you but does no damage. Ijyb hits you with a +4 spectral club.
The +4 spectral club hits you but does no damage.
The +4 spectral club hits you but does no damage. x2
The goblin hits you but does no damage. Ijyb hits you but does no damage.
The +4 spectral club hits you but does no damage. x2
The +4 spectral club hits you but does no damage. x2
The goblin hits you but does no damage. Ijyb hits you with a +4 spectral club.
The +4 spectral club barely misses you. The +4 spectral club hits you.
* * * LOW HITPOINT WARNING * * *
You can move again.
A red film seems to cover your vision as you go berserk!
You feel yourself moving faster!
You feel mighty!
The +4 spectral club hits you but does no damage.
The +4 spectral club hits you.
* * * LOW HITPOINT WARNING * * *
The +4 spectral club hits you but does no damage.
The goblin hits you but does no damage. Ijyb hits you but does no damage.
The +4 spectral club barely misses you.
Okay, then.
You barely miss Ijyb.
Ijyb is lightly wounded.
You miss the +4 spectral club. You closely miss the goblin.
You barely miss Ijyb.
Ijyb is lightly wounded.
You miss the +4 spectral club. You closely miss the goblin.
The goblin hits you but does no damage. Ijyb hits you with a +4 spectral club.
* * * LOW HITPOINT WARNING * * *
The +4 spectral club hits you!
You die...

#.##..................∩
#. #..........†........
#. ###.................
# #.................
###.................
#....................
...##...............##
.# ##..[...........##
##.....#.@(.[....
###..###gg...... #...
#..###... #........# ..
........... .
#............ ......
....>.. ........


You could see a +4 spectral club, Ijyb and a goblin.

Vanquished Creatures
  2 worms (D:2)
  A dart slug (D:1)
  4 endoplasms
  A giant cockroach (D:3)
  6 goblins
  4 hobgoblins
  4 jackals (D:1)
  4 quokkas
  2 ball pythons (D:2)
  5 bats
  3 frilled lizards
  5 kobolds (D:2)
  4 rats
45 creatures vanquished.

Notes
Turn   | Place    | Note
-------+----------+-------------------------------------------
     0 | D:1      | lonewolfV2 the Demonspawn Berserker began the quest for the
                  | Orb.
     0 | D:1      | Reached XP level 1. HP: 18/18 MP: 1/1
     6 | D:1      | Found Roifruef's Antique Weapon Boutique.
   211 | D:1      | Gained mutation: You have a pair of small antennae on your
                  | head. [demonic ancestry]
   211 | D:1      | Reached XP level 2. HP: 24/24 MP: 2/2
   284 | D:1      | Found Rietiolo's Armour Shoppe.
   451 | D:1      | Found Pyuma's Assorted Antiques.
   528 | D:1      | Found a faded altar of an unknown god.
   610 | D:1      | Found Hiunnih's Weapon Emporium.
  1242 | D:2      | Reached XP level 3. HP: 29/29 MP: 3/3
  1381 | D:2      | Reached ** piety under Trog
  1928 | D:3      | Found Lihear's Jewellery Boutique.
  1952 | D:3      | Noticed Ijyb
  1958 | D:3      | Paralysed by Ijyb for 5 turns
  1965 | D:3      | HP: 2/43 [Ijyb/+4 spectral club (6)]
  1965 | D:3      | Slain by a +4 spectral club

Illustrated notes

Levels and vault maps discovered:
D:1:      dpeg_arrival_stonehenge_8_columns, layout_basic,
          ebering_ecumenical_altar_mist, serial_shops, shop, shop,
          nicolae_shop_bloodbath_and_beyond, nicolae_shop_overgrown_old_shop
D:2:      layout_rooms
D:3:      layout_rooms, grunt_temple_overflow_cloverleaf, serial_shops, shop,
          uniq_crazy_yiuf_cottage, uniq_ijyb, uniq_grinder

Skill      XL: |  1 |
---------------+----+-----
Armour         | 2 |  2.6
Dodging        | 2 |  2.7
Fighting       | |  3.4
Axes           | |  2.7

Action                     || total
---------------------------++-------
  Melee: Hand axe          ||   139
         Punch             ||     2
 Invoke: Berserk           ||     1
    Use: Scroll            ||     9
   Stab: Sleeping          ||     1
 Armour: Animal skin       ||    23
         Plate armour      ||    59
         Scale mail        ||     1
  Dodge: Dodged            ||    89
